 Dungeon Crawl Stone Soup version 0.26-a0-200-g62faa89a7e (webtiles) character file.

Game seed: 1025318830651650667

84 Gargoyl the Skirmisher (level 4, -4/57 HPs)
             Began as a Centaur Abyssal Knight on July 5, 2020.
             Was a Follower of Lugonu.
             Slain by a sky beast (5 damage)
             ... on level 3 of the Dungeon.
             The game lasted 00:04:15 (2177 turns).

Gargoyl the Skirmisher (Centaur Abyssal Knight)     Turns: 2177, Time: 00:04:16

Health: -4/57      AC: 10    Str: 15    XL:     4   Next: 24%
Magic:  5/5        EV:  2    Int: 11    God:    Lugonu [*.....]
Gold:   61         SH:  3    Dex:  9    Spells: 3/3 levels left

rFire    . . .     SeeInvis .   a - +1 hand axe
rCold    . . .     Faith    .   e - +0 buckler
rNeg     . . .     Spirit   .   n - +0 plate armour
rPois    .         Reflect  .   (no helmet)
rElec    .         Harm     .   p - +0 cloak
rCorr    .                      (no gloves)
MR       .....                  (no barding)
Stlth    ..........             (no amulet)
HPRegen  0.19/turn              (no ring)
MPRegen  0.09/turn              (no ring)

@: berserking (expiring), very quick
A: large, hooves 3, deformed body, speed 2, tough skin 3
a: Depart the Abyss, Renounce Religion


You were on level 3 of the Dungeon.
You worshipped Lugonu.
Lugonu was aware of your devotion.
You were not hungry.

You visited 1 branch of the dungeon, and saw 3 of its levels.
You visited the Abyss 1 time.

You collected 61 gold pieces.

Inventory:

Hand Weapons
 a - a +1 hand axe (weapon)
Armour
 e - a +0 buckler (worn)
 n - a +0 plate armour (worn)
 p - a +0 cloak (worn)
Scrolls
 f - a scroll of teleportation {unknown}
 k - a scroll of enchant armour {unknown}
 m - a scroll of fear
 o - a scroll of fog {unknown}
 q - a scroll of remove curse {unknown}
Potions
 b - 2 potions of might {unknown}
 d - a potion of curing
 h - a potion of berserk rage
 i - a potion of mutation {unknown}
 j - a potion of cancellation {unknown}
 l - a potion of magic {unknown}
Comestibles
 c - 3 rations
 g - 5 chunks of flesh


   Skills:
 + Level 3.5 Fighting
 + Level 2.2 Axes
 * Level 2.2 Armour
 + Level 0.9 Dodging
 * Level 1.0 Shields
 * Level 2.2 Invocations


You had 3 spell levels left.
You didn't know any spells.
Your spell library was empty.

Dungeon Overview and Level Annotations

Branches:
Dungeon (3/15)

Altars:
Ashenzari
Trog
Wu Jian

Annotations:
D:2 Sigmund


Innate Abilities, Weirdness & Mutations

You have hooves in place of feet.
Armour fits poorly on your strangely shaped body.
You cover ground very quickly.
You have extremely tough skin. (AC +3)


Message History

You barely miss something. Something hits you but does no damage.
You miss something. Something hits you.
* * * LOW HITPOINT WARNING * * *
Something shocks you.
* * * LOW HITPOINT WARNING * * *
You miss something. Something hits you but does no damage.
You closely miss something. Your kick misses something. You miss something.
Your kick misses something. Something hits you but does no damage.
You closely miss something. Your kick misses something.
A sky beast appears from thin air!
Reactivating autopickup.
The sky beast hits you but does no damage.
Your plate armour prevents you from hitting the sky beast.
You kick the sky beast!
The sky beast is heavily wounded.
The sky beast hits you.
* * * LOW HITPOINT WARNING * * *
The sky beast shocks you.
You die...

...$.....#
.........#
.........#
......)..#
......†..#
.........#
###.....##
...####Y# #
#@### #
...####...##....
................
.######.#....###
####.########
##............
##.###.########
##..# #.# #
..#...##...###.#


You could see a sky beast.

Vanquished Creatures
  Jessica (D:2)
  An adder (D:3)
  A worm (D:2)
  A dart slug (D:3)
  3 leopard geckos
  3 giant cockroaches
  5 goblins
  4 hobgoblins
  2 jackals (D:1)
  A quokka (D:2)
  3 ball pythons
  4 bats
  3 frilled lizards
  7 kobolds
  A rat (D:1)
40 creatures vanquished.

Vanquished Creatures (others)
  2 starspawn tentacles (Abyss:1)
2 creatures vanquished.

Grand Total: 42 creatures vanquished

Notes
Turn   | Place    | Note
-------+----------+-------------------------------------------
     0 | Abyss:1  | Gargoyl the Centaur Abyssal Knight began the quest for the
                  | Orb.
     0 | Abyss:1  | Reached XP level 1. HP: 19/19 MP: 2/2
    43 | Abyss:1  | Noticed a raiju
    78 | Abyss:1  | Noticed an ancient zyme
    79 | Abyss:1  | Noticed a vampire
    97 | Abyss:1  | Noticed a smoke demon
   140 | Abyss:1  | Noticed a quasit
   143 | Abyss:1  | Noticed a ghost moth zombie
   146 | Abyss:1  | Noticed a wretched star
   151 | Abyss:1  | Noticed a reaper
   178 | Abyss:1  | Noticed a hellwing
   190 | Abyss:1  | Noticed a quasit
   407 | Abyss:1  | Noticed an ancient zyme
   443 | Abyss:1  | Noticed a golden dragon zombie
   445 | Abyss:1  | Noticed a small abomination
   501 | Abyss:1  | Noticed a spatial vortex
   507 | Abyss:1  | Noticed a large abomination
   522 | Abyss:1  | Noticed a spatial vortex
   526 | Abyss:1  | Noticed a tentacled starspawn
   527 | Abyss:1  | Noticed a spatial vortex
   529 | D:1      | Escaped the Abyss
   600 | D:1      | Reached * piety under Lugonu
   678 | D:1      | Reached XP level 2. HP: 17/26 MP: 3/3
  1300 | D:2      | Noticed Jessica
  1318 | D:2      | Killed Jessica
  1318 | D:2      | Reached XP level 3. HP: 31/31 MP: 4/4
  1793 | D:2      | Noticed Sigmund
  1803 | D:3      | Found a bloodstained altar of Trog.
  1807 | D:3      | Reached skill level 1 in Shields
  1898 | D:3      | Reached XP level 4. HP: 38/38 MP: 5/5
  1901 | D:3      | Found an ornate altar of the Wu Jian Council.
  2072 | D:3      | Found a shattered altar of Ashenzari.
  2150 | D:3      | Noticed a sky beast
  2177 | D:3      | HP: 1/57 [sky beast (4)]
  2177 | D:3      | Slain by a sky beast

Illustrated notes

Levels and vault maps discovered:
D:1:      elethiomel_arrival_shortcut, layout_rooms
D:2:      layout_basic, uniq_jessica, uniq_sigmund
D:3:      layout_basic, lemuel_crystal_altar, overflow_temple_1_default,
          nicolae_ashenzari_panopticon, nicolae_ru_sacrificial_ziggurat

Skill      XL: |  1  2  3 |
---------------+----------+-----
Axes           | 2 |  2.2
Armour         | 2 |  2.2
Shields        | 1 |  1.0
Fighting       | |  3.5
Dodging        | |  0.9
Invocations    | |  2.2

Action                   |  1- 3 |  4- 6 || total
-------------------------+-------+-------++-------
Melee: Hand axe          |    83 |    40 ||   123
       Kick              |    18 |     8 ||    26
Invok: Depart the Abyss  |     1 |       ||     1
  Use: Scroll            |     7 |       ||     7
       Potion            |     1 |     1 ||     2
  Eat: Chunk             |     2 |     1 ||     3
Armor: Leather armour    |    20 |       ||    20
       Chain mail        |    32 |       ||    32
       Plate armour      |       |    27 ||    27
Dodge: Dodged            |    39 |     3 ||    42
Block: Buckler           |    14 |     2 ||    16

Table legend:
 A = Non-vault XP
 B = Vault XP
 C = Vault XP percentage of total XP
 D = Non-vault monster count
 E = Vault monster count
 F = Vault count percentage of total count
                 A         B        C        D         E       F
            +---------+---------+-------+---------+---------+-------
      Total |      84 |      37 |  30.6 |      39 |       1 |   2.5
            +---------+---------+-------+---------+---------+-------
        D:1 |      33 |       0 |   0.0 |      19 |       0 |   0.0
        D:2 |      23 |      37 |  61.7 |      11 |       1 |   8.3
        D:3 |      28 |       0 |   0.0 |       9 |       0 |   0.0
            +---------+---------+-------+---------+---------+-------
